 Dungeon Sprint DCSS version 0.18.1-8-gdd0e5ea (webtiles) character file.

570 Hipnos the Grappler (level 7, -8/67 HPs)
             Began as a Grey Draconian Transmuter on May 21, 2016.
             Was a Follower of Sif Muna.
             Mangled by a sixfirhy (9 damage)
             ... summoned by a kobold demonologist
             ... while paralysed by a giant eyeball
             ... in the Dungeon (Sprint I: "Red Sonja").
             The game lasted 00:04:14 (962 turns).

Hipnos the Grappler (Grey Draconian Transmuter)      Turns: 962, Time: 00:04:15

Health: -8/67      AC:  5    Str: 15    XL:     7   Next: 11%
Magic:  15/18      EV:  1    Int: 13    God:    Sif Muna [*.....]
Gold:   416        SH:  0    Dex: 11    Spells: 5 memorised, 6 levels left

rFire  x . .     SeeInvis .       - Unarmed
rCold  + + +     Gourm    .     (armour unavailable)
rNeg   . . .     Faith    .     (shield currently unavailable)
rPois  +         Spirit   .     (helmet currently unavailable)
rElec  .         Dismiss  .     (cloak currently unavailable)
rCorr  .         Reflect  .     (gloves currently unavailable)
SustAt .         Harm     .     (boots currently unavailable)
MR     .....     NoTele   +     (no amulet)
Stlth  +.........               (no ring)
                                (no ring)

@: paralysed, ice-form, not resistant to hostile enchantments, very unstealthy
A: (walk through water), unfitting armour, (unbreathing), (cold-blooded), AC +11
a: End Transformation, Channel Energy, Renounce Religion


You were in the Dungeon.
You worshipped Sif Muna.
Sif Muna was aware of your devotion.
You were hungry.
You were a creature of crystalline ice.
You visited 1 branch You collected 416 gold pieces.

Inventory:

Missiles
 a - 3 arrows
Scrolls
 i - a scroll of blinking
 k - a scroll of remove curse {unknown}
 l - a scroll of identify {unknown}
Potions
 d - a potion of curing
 e - a potion of heal wounds
 f - a potion of haste
 g - 2 potions of magic
 h - a potion of mutation {unknown}
Books
 b - a book of Changes

   Spells                             Type                      Level
   a - Beastly Appendage              Transmutation                1
   b - Sticks to Snakes               Transmutation                2
   c - Spider Form                    Transmutation/Poison         3
   d - Ice Form                       Ice/Transmutation            4
   e - Blade Hands                    Transmutation                5
Comestibles
 c - a bread ration


   Skills:
 + Level 2.6 Fighting
 + Level 6.3 Dodging
 + Level 9.3 Unarmed Combat
 + Level 7.5 Spellcasting
 + Level 7.0 Transmutations
 - Level 0.2 Poison Magic


You had 6 spell levels left.
You knew the following spells:

 Your Spells              Type           Power        Failure   Level  Hunger
a - Beastly Appendage     Trmt           ###...       1%          1    None
b - Sticks to Snakes      Trmt           ###.....     1%          2    #......
c - Spider Form           Trmt/Pois      ##........   12%         3    ##.....
d - Blade Hands           Trmt           ###.......   28%         5    ######.
e - Ice Form              Ice/Trmt       ##......     38%         4    ####...


Dungeon Overview and Level Annotations

Branches:
Dungeon (1/1)

Altars:
Cheibriados
Dithmenos
Elyvilon
Fedhas
Gozag
Kikubaaqudgha
Makhleb
Nemelex Xobeh
Okawaru
Pakellas
Qazlal
Ru
Sif Muna
Trog
Vehumet
Xom
Yredelemnul
Zin
The Shining One
Jiyva

Shops:
D =


Innate Abilities, Weirdness & Mutations

((You can walk through water.))
((Your dull iron-grey scales are very hard (AC +11).))
Your body does not fit into most forms of armour.
((You can survive without breathing.))
((You are cold-blooded and may be slowed by cold attacks.))


Message History

The sixfirhy barely misses you. The sixfirhy misses you.
The sixfirhy closely misses you. The sixfirhy hits you.
The sixfirhy shocks you!
The giant eyeball gazes piercingly through you!
You suddenly lose the ability to move!
The kobold demonologist hits you but does no damage.
The sixfirhy hits you! The sixfirhy shocks you! The sixfirhy hits you.
The sixfirhy shocks you!
The kobold demonologist hits you but does no damage. x2
The kobold demonologist hits you but does no damage. x2
The kobold demonologist hits you with a dagger.
The kobold demonologist hits you but does no damage.
The sixfirhy hits you!
* * * LOW HITPOINT WARNING * * *
The sixfirhy shocks you!
* * * LOW HITPOINT WARNING * * *
The sixfirhy hits you.
* * * LOW HITPOINT WARNING * * *
The sixfirhy shocks you!
You die...

#####################
.)..#.)'..#__#.4YKG.#
.#..'..#..'^.'..#K..#
###'#####'#__####...+
##..#...#.#### ####
_####..##.#
.___##'#..+
.∩...'..._#
..._##_.#'#
____###+#.#


You could see 2 kobold demonologists, a sixfirhy and a giant eyeball.

Vanquished Creatures
  A slime creature (D)
  Sigmund (D)
  A yak (D)
  An ogre (D)
  A jelly (D)
  Ijyb (D)
6 creatures vanquished.

Notes
Turn   | Place    | Note
--------------------------------------------------------------
     0 | D        | Hipnos the Draconian Transmuter began the quest for the Orb.
     0 | D        | Reached XP level 1. HP: 16/16 MP: 3/3
     2 | D        | Noticed Ijyb
    28 | D        | Killed Ijyb
    28 | D        | Reached skill level 4 in Unarmed Combat
    28 | D        | Reached XP level 2. HP: 13/23 MP: 3/6
    40 | D        | Learned a level 2 spell: Sticks to Snakes
   211 | D        | Noticed an ogre
   219 | D        | Killed an ogre
   219 | D        | Reached skill level 6 in Unarmed Combat
   219 | D        | Reached XP level 3. HP: 28/28 MP: 2/9
   219 | D        | Reached XP level 4. HP: 35/35 MP: 2/10
   233 | D        | Learned a level 3 spell: Spider Form
   289 | D        | Noticed Sigmund
   300 | D        | Killed Sigmund
   300 | D        | Reached skill level 5 in Dodging
   300 | D        | Reached skill level 8 in Unarmed Combat
   300 | D        | Reached skill level 5 in Transmutations
   300 | D        | Reached XP level 5. HP: 33/40 MP: 5/13
   354 | D        | Found a deep blue altar of Sif Muna.
   357 | D        | Found a radiant altar of Vehumet.
   361 | D        | Became a worshipper of Sif Muna the Loreminder
   366 | D        | Reached XP level 6. HP: 25/47 MP: 12/15
   517 | D        | Learned a level 5 spell: Blade Hands
   519 | D        | Found Fumit's Jewellery Emporium.
   519 | D        | Found a white marble altar of Elyvilon.
   519 | D        | Found a stormy altar of Qazlal.
   519 | D        | Found a burning altar of Makhleb.
   519 | D        | Found a sacrificial altar of Ru.
   519 | D        | Found an oddly glowing altar of Pakellas.
   519 | D        | Found a basalt altar of Yredelemnul.
   519 | D        | Found a glowing golden altar of the Shining One.
   519 | D        | Found a sparkling altar of Nemelex Xobeh.
   519 | D        | Found a shimmering altar of Xom.
   519 | D        | Found an opulent altar of Gozag.
   519 | D        | Found an ancient bone altar of Kikubaaqudgha.
   519 | D        | Found a glowing silver altar of Zin.
   519 | D        | Noticed a yak
   520 | D        | Found an iron altar of Okawaru.
   524 | D        | Killed a yak
   524 | D        | Reached * piety under Sif Muna
   524 | D        | Reached skill level 9 in Unarmed Combat
   525 | D        | Found a bloodstained altar of Trog.
   632 | D        | Learned a level 4 spell: Ice Form
   633 | D        | Found a snail-covered altar of Cheibriados.
   633 | D        | Found a viscous altar of Jiyva.
   633 | D        | Found a shadowy altar of Dithmenos.
   633 | D        | Found a blossoming altar of Fedhas.
   633 | D        | Noticed a slime creature
   671 | D        | Killed a slime creature
   671 | D        | Your scales start taking on a dull iron-grey colour.
   671 | D        | Reached XP level 7. HP: 9/56 MP: 2/18
   671 | D        | Gained mutation: You can survive without breathing. [Grey Draconian growth]
   953 | D        | Noticed a kobold demonologist
   954 | D        | Noticed a kobold demonologist
   956 | D        | Noticed a sixfirhy
   958 | D        | Paralysed by a giant eyeball for 4 turns
   962 | D        | HP: 1/67 [sixfirhy[a kobold demonologist] (6)]
   962 | D        | Mangled by a sixfirhy

Skill      XL: |  1  2  3  4  5  6 |
---------------+-------------------+-----
Dodging        | 2 3 5 6 |  6.3
Unarmed Combat | 4 6 8 9 |  9.3
Spellcasting   | 3 4 6 7 |  7.5
Transmutations | 3 5 7 |  7.0
Fighting       | 2 |  2.6
Poison Magic   | |  0.2

Action                   |  1- 3 |  4- 6 |  7- 9 || total
-------------------------+-------+-------+-------++-------
Melee: Unarmed           |    26 |    28 |     4 ||    58
       Kick              |     4 |       |       ||     4
       Headbutt          |     2 |     1 |       ||     3
       Tailslap          |       |     1 |       ||     1
 Cast: Beastly Appendage |     3 |     1 |       ||     4
       Sticks to Snakes  |     2 |     6 |       ||     8
       Spider Form       |       |     4 |       ||     4
       Ice Form          |       |       |     1 ||     1
  Use: Potion            |     1 |       |       ||     1
  Eat: Chunk             |       |       |     1 ||     1
Armor: Skin              |     3 |       |     5 ||     8
Dodge: Dodged            |    17 |    13 |     9 ||    39
